 Dungeon Crawl Stone Soup version 0.30.0-5-g1a98f26d00 (webtiles) character file.

Game seed: 13687018336502976147

222820 RogiNicba the Executioner (level 18, -1/187 HPs)
             Began as a Minotaur Berserker on May 11, 2023.
             Was an Elder of Trog.
             Killed from afar by a naga warrior (2 damage)
             ... with a splash of poison
             ... on level 4 of the Snake Pit on May 12, 2023.
             The game lasted 03:43:11 (50557 turns).

RogiNicba the Executioner (Minotaur Berserker)     Turns: 50557, Time: 03:43:13

Health: -1/187     AC: 33    Str: 33    XL:     18   Next: 54%
Magic:  17/17      EV: 11    Int:  9    God:    Trog [****..]
Gold:   913        SH:  0    Dex: 16    Spells: 17/17 levels left

rFire   + + .        b - +9 executioner's axe (drain)
rCold   . . .        (shield currently unavailable)
rNeg    . . .        I - +2 plate armour {Will+}
rPois   +            P - +2 hat {Will+}
rElec   .            a - +0 cloak {rPois}
rCorr   .            k - +3 Mad Mage's Maulers {Infuse+∞ VampMP -Cast}
SInv    +            J - +2 pair of boots
Will    +++..        d - amulet of the acrobat Stlth
                     q - ring "Noufure" {Wiz *Corrode rF++ Int+3}
HPRegen 0.51/turn    X - ring "Dahalefo" {*Slow Str+3 Int+2 Dex+6 SInv}
MPRegen 0.15/turn

%: no spellcasting, corrode self (3%), slow self (1%), acrobat, wizardry (x1),
infuse magic (17 MP)
@: hasted and slowed, constricted, studying Evocations
A: horns 2, retaliatory headbutt
}: 1/15 runes: decaying
a: Renounce Religion, Berserk, Trog's Hand, Brothers in Arms


You were on level 4 of the Snake Pit.
You worshipped Trog.
Trog was greatly pleased with you.
You visited 5 branches of the dungeon, and saw 30 of its levels.
You visited the Abyss 1 time.
You also visited: Bailey, Gauntlet and Ice Cave.

You collected 4280 gold pieces.
You spent 3367 gold pieces at shops.

Inventory:

Hand Weapons
 b - a +9 executioner's axe of draining (weapon)
 v - a +0 morningstar
 V - a +4 bardiche
Missiles
 E - 4 javelins (quivered)
Armour
 a - a +0 cloak of poison resistance (worn)
 k - the +3 Mad Mage's Maulers (worn) {Infuse+∞ VampMP -Cast}
   (You bought it in a shop on level 2 of the Orcish Mines)

   Infuse+∞: It empowers its wearer's blows with all of their magic.
   VampMP:    Blows struck in melee replenish the wearer's magic.
   -Cast:     It prevents spellcasting.
 l - +0 fire dragon scales
 I - a +2 plate armour of willpower (worn)
 J - a +2 pair of boots (worn)
 O - the +2 hat "Celeuriq" {rPois}
   (You found it on level 1 of the Lair of Beasts)

   rPois:     It protects you from poison.
 P - a +2 hat of willpower (worn)
 S - a +2 pair of gloves of hurling
Jewellery
 d - an amulet of the acrobat (around neck)
 q - the ring "Noufure" (left hand) {Wiz *Corrode rF++ Int+3}
   (You took it off an efreet on level 11 of the Dungeon)

   [ring of wizardry]

   It improves your spell success rate.
   Int:       It affects your intelligence (+3).
   rF:        It greatly protects you from fire.
   *Corrode:  It may corrode you when you take damage.
 z - the ring of Terra Nullius {+Blink MP+9 Int+3}
   (You found it in a Gauntlet)

   [ring of magical power]

   Int:       It affects your intelligence (+3).
   MP:        It affects your magic capacity (+9).
   +Blink:    It lets you blink.
 D - a ring of flight
 K - a +4 ring of slaying
 N - a +6 ring of intelligence
 R - an amulet of regeneration
 W - the ring of Laoh {Str+4 Dex-3 SInv}
   (You took it off a wizard on level 11 of the Dungeon)

   [ring of see invisible]

   Str:       It affects your strength (+4).
   Dex:       It affects your dexterity (-3).
   SInv:      It lets you see invisible.
 X - the ring "Dahalefo" (right hand) {*Slow Str+3 Int+2 Dex+6 SInv}
   (You took it off a tengu warrior on level 11 of the Dungeon)

   [ring of dexterity]

   Str:       It affects your strength (+3).
   Int:       It affects your intelligence (+2).
   Dex:       It affects your dexterity (+6).
   SInv:      It lets you see invisible.
   *Slow:     It may slow you when you take damage.
 Y - the ring of Pollayze {Fly Dex+3}
   (You found it on level 11 of the Dungeon)

   [ring of flight]

   Dex:       It affects your dexterity (+3).
   Fly:       It grants you flight.
 Z - an amulet of reflection
Wands
 c - a wand of digging (15)
 i - a wand of mindburst (5)
 w - a wand of flame (92)
 x - a wand of paralysis (19)
 M - a wand of quicksilver (41)
 Q - a wand of iceblast (32)
 T - a wand of polymorph (18)
Scrolls
 e - 2 scrolls of magic mapping
 f - 7 scrolls of immolation
 n - 5 scrolls of fog
 s - 16 scrolls of teleportation
 t - 7 scrolls of enchant armour
 y - 6 scrolls of butterflies
 B - 10 scrolls of fear
 U - 4 scrolls of identify
Potions
 g - 4 potions of ambrosia
 h - 10 potions of heal wounds
 m - 4 potions of curing
 o - 2 potions of haste
 p - 3 potions of berserk rage
 r - 5 potions of might
 C - 2 potions of cancellation
 F - 2 potions of resistance
 H - 4 potions of mutation
Miscellaneous
 j - a phial of floods
 u - a box of beasts
 A - a lightning rod (4/4)
 G - a tin of tremorstones (2/2)


   Skills:
 + Level 22.6 Fighting
 - Level 23.5(24.0) Axes
 - Level 8.7(17.5) Polearms
 + Level 20.2 Armour
 + Level 9.9 Dodging
 + Level 10.3 Evocations


You had 17 spell levels left.
You didn't know any spells.
Your spell library was empty.

Dungeon Overview and Level Annotations

Branches:
Dungeon (15/15)            Temple (0/1) D:5            Lair (5/5) D:8
  Swamp (4/4) Lair:3        Snake (4/4) Lair:2        Slime (0/5) Lair:5
    Orc (2/2) D:11         Vaults (0/5) D:13         Depths (0/4) D:15
 Bailey (visited)           IceCv (visited)         Gauntlet (visited)
    Elf: Orc:2

Altars:
Hepliaklqana
Makhleb
Nemelex Xobeh
Okawaru
Ru
Vehumet
Wu Jian
Xom
Jiyva

Shops:
D:3 (   D:4 *   D:11 =*=**   D:13 :   D:14 :   Orc:1 ?   Orc:2 *:![   Snake:2 [

Portals:
Trove: D:11 (give horn of Geryon)

Annotations:
D:9 en zanimiv scroll obkrožen z ice devils
D:14 3 runed translucent doors, kuniqs's ghost, journeyman MiBe
Swamp:4 3 runed translucent doors, Zlot's ghost, adept DsBr; mursu's ghost, adept MfBr; tykejmi's ghost, adept MiBe


Innate Abilities, Weirdness & Mutations

You have a pair of horns on your head.
You reflexively headbutt those who attack you in melee.


Message History

A naga comes into view. It is wielding a +0 short sword.
Blink to where?
Press: ? - help, Dir - move target You escape the anaconda's grasp.
A guardian serpent and 2 naga warriors come into view.
A naga warrior is wielding a +1 heavy scimitar.
Found a great sword.
As you read the scroll of blinking, it crumbles to dust.
You feel sick.
The guardian serpent shouts!
The naga warrior shouts!
The naga warrior roars a battlecry!
The nagas go into a battle-frenzy!
You feel yourself speed up.
You feel sick.
You are no longer poisoned.
The guardian serpent coils itself and waves its upper body at you.
The naga warrior blinks! x2; The salamander unwields a +0 trident.
The salamander wields a +0 shortbow.
The salamander shoots an arrow.
The arrow hits you but does no damage.
The naga warrior completely misses you. x2
The naga warrior hits you but does no damage.
The naga warrior grabs you. The naga warrior constricts you.
The naga warrior hits you with a +1 heavy scimitar!!!
* * * LOW HITPOINT WARNING * * *
The naga warrior's grasp on you weakens, but your attempt to escape fails.
The guardian serpent hits you.
* * * LOW HITPOINT WARNING * * *
The naga warrior hits you but does no damage.
The naga warrior constricts you.
* * * LOW HITPOINT WARNING * * *
The anaconda bites you but does no damage.
The guardian serpent hits you but does no damage.
The shock serpent barely misses you.
You feel much better. The anaconda barely misses you.
The naga mage points at the naga and mumbles some strange words.
The naga seems to grow toxic.
The naga warrior hits you with a +1 heavy scimitar!!
* * * LOW HITPOINT WARNING * * *
The naga warrior spits poison at you. The splash of poison hits you.
You resist.
You die...

# ###..N......
#.##....)......#
#....<..N.......
#..N...NN......#
#..###[........#
#. #....N..$..# #
.........N...##
#........NSSS..#
##........NN@#
#.........NS#
...............#
#..#.........####
#........#
#.....).##
##......#
#......# ........


You could see 2 naga warriors, a salamander mystic, 3 salamanders, an anaconda,
a shock serpent, a guardian serpent, a black mamba, a naga mage (fast) and 2
nagas.

Vanquished Creatures
  Mara (Swamp:4)
  the Lernaean hydra (Swamp:3)
  Nikola (Swamp:3)
  2 Ice Fiends (IceCv)
  Mlioglotl (Swamp:2)
  Kirke (D:12)
  A thorn hunter (Swamp:1)
  3 ghouls
  A very ugly thing (D:15)
  5 eleionomae
  A vampire knight (D:12)
  Azrael (D:12)
  9 bunyips
  A minotaur (Gauntlet)
  The ghost of Voleoc the Protected, a journeyman GrFi of Okawaru (Orc:1)
  2 fire dragons
  4 shambling mangroves
  A deep elf high priest (D:12)
  16 hydras
  The ghost of Mysteryquy the Cleaver, a journeyman MiBe of Trog (Lair:1)
  7 anacondas
  A vault guard (D:13)
  A ghost crab (Swamp:4)
  6 centaur warriors
  4 caustic shrike simulacra (IceCv)
  An anaconda (shapeshifter) (D:13)
  9 boulder beetles
  9 two-headed ogres
  An ogre mage (D:15)
  A death knight (D:12)
  6 death yaks
  4 naga warriors
  10 alligators
  3 orc high priests (Orc:2)
  5 naga sharpshooters
  4 shock serpents
  2 tengu warriors
  Nergalle (Lair:2)
  A skeletal warrior (D:13)
  A salamander mystic (Snake:3)
  Amaemon (D:10)
  4 goliath frogs
  Lodul (D:14)
  2 spriggan druids (Swamp:2)
  A death drake (Swamp:3)
  A glowing orange brain (D:15)
  8 bog bodies
  2 obsidian statues (IceCv)
  A deep troll (shapeshifter) (D:15)
  10 swamp dragons
  2 wizards
  A lindwurm (Lair:5)
  3 deep elf pyromancers
  4 naga ritualists
  4 orc knights
  2 mana vipers
  A spriggan simulacrum (IceCv)
  9 ugly things
  An orc sorcerer (Orc:2)
  3 cyclopes
  3 manticores
  3 will-o-the-wisps (Swamp:3)
  6 salamanders
  An oklob plant (Gauntlet)
  13 elephants
  37 black mambas
  12 naga magi
  3 guardian serpents
  3 ice statues
  2 gargoyles
  2 molten gargoyles (Lair:5)
  An orange demon (D:10)
  Psyche (D:8)
  4 unseen horrors
  7 cane toads
  6 freezing wraiths
  6 rime drakes
  A kobold demonologist (D:11)
  A komodo dragon (shapeshifter) (D:14)
  A yaktaur (D:13)
  12 komodo dragons
  2 efreet
  6 ice devils (D:9)
  A tengu conjurer (D:12)
  3 golden dragon simulacra (IceCv)
  4 burning bushes (Lair:2)
  21 hornets
  A meliai (shapeshifter) (D:12)
  4 meliai
  6 trolls
  10 tyrant leeches
  5 polar bears
  A tarantella (shapeshifter) (D:12)
  Grinder (D:4)
  A large abomination (Gauntlet)
  A dream sheep (Lair:1)
  18 blink frogs
  29 slime creatures
  Sigmund (D:2)
  A centaur simulacrum (D:15)
  A vampire (D:11)
  3 shadows
  14 spriggans
  10 wyverns
  2 wraiths
  6 basilisks
  33 yaks
  4 steam dragons
  A chaos spawn (Gauntlet)
  A neqoxec (Gauntlet)
  2 fire elementals (D:12)
  5 wargs
  6 vampire mosquitoes
  12 swamp worms
  19 nagas
  A hydra simulacrum (IceCv)
  13 water moccasins
  6 acid dragons
  5 hell hounds
  Duvessa (D:4)
  27 orc warriors
  5 swamp drakes
  An ice beast (D:6)
  2 black bears
  2 ettin simulacra (IceCv)
  2 sky beasts
  18 ogres
  15 wolves
  A boggart (D:12)
  11 centaurs
  4 phantoms
  Blork the orc (D:5)
  9 bullfrogs
  3 necrophages (Swamp:4)
  6 kobold brigands
  A scorpion (D:5)
  3 deep troll simulacra (IceCv)
  A gnoll sergeant (D:10)
  4 wights
  2 small abominations (Gauntlet)
  Dowan (D:4)
  4 killer bees
  A lindwurm simulacrum (IceCv)
  7 howler monkeys
  4 lava snakes (Lair:5)
  2 hounds
  3 jellies
  26 orc priests
  A sleepcap (D:7)
  Crazy Yiuf (D:5)
  2 gnoll boudas
  4 iguanas
  Natasha (thrice) (D:4)
  5 hell rats (Lair:2)
  21 orc wizards
  Robin (D:4)
  6 adders
  12 gnolls
  A white imp (D:5)
  7 ufetubi
  5 worms
  4 dart slugs
  84 orcs
  10 ball pythons
  6 endoplasms
  A giant cockroach (D:1)
  17 goblins
  9 hobgoblins
  8 jackals
  2 quokkas
  7 bats
  4 frilled lizards (D:1)
  22 kobolds
  5 rats
  A foxfire (Swamp:4)
993 creatures vanquished.

Vanquished Creatures (collateral kills)
  A sphinx (D:12)
  An orc warlord (Bailey)
  A very ugly thing (IceCv)
  Nessos (Lair:5)
  An ettin (D:12)
  A two-headed ogre (D:10)
  2 orc high priests (Orc:2)
  An orc knight (Orc:2)
  An elephant (Lair:1)
  A cane toad (Lair:1)
  4 small abominations (Gauntlet)
  A wraith (D:10)
  A naga (Snake:2)
  A water moccasin (Lair:5)
  4 orc warriors (Orc:2)
  3 boggarts (D:12)
  6 orc priests (Orc:2)
  4 orcs (Orc:2)
35 creatures vanquished.

Vanquished Creatures (others)
  A manticore (D:11)
  3 bloated husks
  4 humans (D:12)
  A howler monkey (D:12)
  A gnoll (D:5)
  An ufetubus (D:9)
  15 foxfires
26 creatures vanquished.

Grand Total: 1054 creatures vanquished

Notes
Turn   | Place    | Note
-------+----------+-------------------------------------------
     0 | D:1      | RogiNicba the Minotaur Berserker began the quest for the
                  | Orb.
     0 | D:1      | Reached XP level 1. HP: 19/19 MP: 0/0
   261 | D:1      | Found a faded altar of an unknown god.
   284 | D:1      | Reached XP level 2. HP: 21/27 MP: 1/1
   977 | D:1      | Reached ** piety under Trog
   978 | D:1      | Reached skill level 4 in Axes
  1326 | D:2      | Reached XP level 3. HP: 31/33 MP: 2/2
  1558 | D:2      | Noticed Sigmund
  1564 | D:2      | Killed Sigmund
  1565 | D:2      | Reached skill level 5 in Fighting
  1565 | D:2      | Reached skill level 5 in Axes
  1565 | D:2      | Reached XP level 4. HP: 42/42 MP: 3/3
  1565 | D:2      | Reached XP level 5. HP: 48/48 MP: 4/4
  1691 | D:2      | Found a hazy altar of Hepliaklqana.
  2104 | D:3      | Found a sparkling altar of Nemelex Xobeh.
  2137 | D:3      | Identified the +1 scale mail of Kous {SInv}
  2415 | D:3      | Found Jigou's Weapon Emporium.
  2575 | D:4      | Noticed Grinder
  2582 | D:4      | Paralysed by Grinder for 2 turns
  2599 | D:4      | Killed Grinder
  2600 | D:4      | Reached skill level 6 in Axes
  2600 | D:4      | Reached skill level 5 in Armour
  2600 | D:4      | Reached XP level 6. HP: 34/57 MP: 5/5
  2693 | D:4      | Noticed Natasha
  2703 | D:4      | Killed Natasha
  2797 | D:4      | Noticed Natasha
  2805 | D:4      | Killed Natasha
  2805 | D:4      | Reached *** piety under Trog
  2806 | D:4      | Reached XP level 7. HP: 50/62 MP: 6/6
  2998 | D:4      | Found Ikith's General Store.
  3067 | D:4      | Reached skill level 7 in Axes
  3102 | D:4      | Noticed Robin
  3129 | D:4      | Killed Robin
  3186 | D:4      | Noticed Duvessa
  3186 | D:4      | Noticed Dowan
  3198 | D:4      | Killed Duvessa
  3202 | D:4      | Killed Dowan
  3464 | D:4      | Noticed Natasha
  3466 | D:4      | Killed Natasha
  3608 | D:4      | Reached skill level 8 in Axes
  3893 | D:5      | Entered Level 5 of the Dungeon
  4053 | D:5      | Found a staircase to the Ecumenical Temple.
  4065 | D:5      | Reached XP level 8. HP: 68/71 MP: 7/7
  4087 | D:5      | Found a shimmering altar of Xom.
  4320 | D:5      | Found a radiant altar of Vehumet.
  4540 | D:5      | Reached skill level 9 in Axes
  4641 | D:5      | Found a sacrificial altar of Ru.
  4764 | D:5      | Noticed Blork the orc
  4774 | D:5      | Killed Blork the orc
  5255 | D:5      | Found a runed translucent door.
  5256 | D:5      | Noticed Crazy Yiuf
  5262 | D:5      | Killed Crazy Yiuf
  5373 | D:6      | Reached **** piety under Trog
  5694 | D:6      | Reached skill level 10 in Axes
  6145 | D:7      | Reached XP level 9. HP: 81/81 MP: 8/8
  6193 | D:7      | Found a flagged portal.
  6202 | Bailey   | Entered a bailey
  6207 | Bailey   | Noticed an orc warlord
  6347 | Bailey   | Noticed an orc knight
  6367 | Bailey   | Killed an orc knight
  6368 | Bailey   | Reached skill level 11 in Axes
  6587 | Bailey   | Found a runed translucent gate.
  6588 | Bailey   | Found a runed translucent gate.
  6589 | Bailey   | Found a runed translucent gate.
  6610 | Bailey   | Killed an orc warlord
  6611 | Bailey   | Reached skill level 12 in Axes
  6629 | Bailey   | Identified the +1 robe of Voum {Fly Str-3 Dex+4 SInv}
  6800 | D:7      | Reached XP level 10. HP: 44/91 MP: 9/9
  7507 | D:8      | Identified the +8 quarterstaff of Vupsur {heavy, +Blink rN+
                  | Stlth-}
  7602 | D:8      | Reached ***** piety under Trog
  7663 | D:8      | Noticed Psyche
  7664 | D:8      | Reached skill level 13 in Axes
  7664 | D:8      | Found a staircase to the Lair.
  7669 | D:8      | Reached skill level 10 in Fighting
  7674 | D:8      | Killed Psyche
  7722 | D:8      | Reached skill level 10 in Armour
  7944 | D:8      | Paralysed by a hornet for 1 turns
  7949 | D:8      | Received a gift from Trog
  8651 | D:9      | Noticed an ice statue
  8819 | D:9      | Reached skill level 14 in Axes
  9045 | D:9      | Found a hazy altar of Hepliaklqana.
  9855 | D:9      | Reached XP level 11. HP: 81/101 MP: 10/10
 10552 | D:10     | Entered Level 10 of the Dungeon
 10779 | D:10     | Noticed a two-headed ogre
 10782 | D:10     | Reached skill level 15 in Axes
 10791 | D:10     | Killed a two-headed ogre
 11431 | D:10     | Found an iron altar of Okawaru.
 11453 | D:10     | Noticed Amaemon
 11465 | D:10     | Killed Amaemon
 11466 | D:10     | Reached skill level 16 in Axes
 11583 | D:10     | Noticed a two-headed ogre
 11583 | D:10     | Noticed a two-headed ogre
 11593 | D:10     | Killed a two-headed ogre
 11594 | D:10     | Killed a two-headed ogre
 11595 | D:10     | Reached XP level 12. HP: 65/113 MP: 11/11
 11879 | D:10     | Found an ornate altar of the Wu Jian Council.
 12137 | D:11     | Found Peuros's Jewellery Shop.
 12156 | D:11     | Identified the +3 long sword of Sudden Death {drain, Fly
                  | rF+ Dex+5}
 12166 | D:11     | Found Giaxkeub's Assorted Antiques.
 12166 | D:11     | Found Faajurghiah's General Store.
 12197 | D:11     | Found a portal to a secret trove of treasure.
 12234 | D:11     | Found Dabrurch's Jewellery Shoppe.
 12299 | D:11     | Found a staircase to the Orcish Mines.
 12617 | D:11     | Found Acwoomud's Assorted Antiques.
 12912 | D:11     | Reached skill level 17 in Axes
 12949 | D:11     | Noticed a two-headed ogre
 12952 | D:11     | Killed a two-headed ogre
 12957 | D:11     | Noticed a two-headed ogre
 12964 | D:11     | Killed a two-headed ogre
 13084 | D:11     | Identified the ring "Noufure" {Wiz *Corrode rF++ Int+3}
 13147 | D:11     | Identified the ring of Laoh {Str+4 Dex-3 SInv}
 13149 | D:11     | Noticed a boulder beetle
 13164 | D:11     | Killed a boulder beetle
 13236 | D:11     | Noticed a boulder beetle
 13272 | D:11     | Killed a boulder beetle
 13273 | D:11     | Reached skill level 18 in Axes
 13314 | D:11     | Identified the ring "Dahalefo" {*Slow Str+3 Int+2 Dex+6
                  | SInv}
 13314 | D:11     | Noticed a tengu warrior
 13323 | D:11     | Killed a tengu warrior
 13461 | D:11     | Noticed a boulder beetle
 13475 | D:11     | Killed a boulder beetle
 13695 | D:11     | Identified the ring of Pollayze {Fly Dex+3}
 14059 | Lair:1   | Entered Level 1 of the Lair of Beasts
 14070 | Lair:1   | Reached skill level 19 in Axes
 14070 | Lair:1   | Reached XP level 13. HP: 122/124 MP: 12/12
 14229 | Lair:1   | Found a transporter.
 14243 | Lair:1   | Noticed Mysteryquy's ghost (journeyman MiBe)
 14256 | Lair:1   | Found a transporter.
 14518 | Lair:1   | Reached XP level 14. HP: 120/133 MP: 13/13
 15653 | Lair:2   | Noticed Nergalle
 15658 | Lair:2   | Killed Nergalle
 15712 | Lair:2   | Found a staircase to the Snake Pit.
 16459 | Lair:3   | Found a staircase to the Swamp.
 16508 | Lair:3   | Reached skill level 20 in Axes
 16840 | Lair:3   | Identified the +3 quarterstaff of Calamity {vamp, rN+++
                  | Int-3 SInv Stlth+}
 17004 | Lair:3   | Reached skill level 15 in Fighting
 17694 | Lair:4   | Reached skill level 15 in Armour
 18426 | Lair:5   | Entered Level 5 of the Lair of Beasts
 18815 | Lair:5   | Reached skill level 21 in Axes
 19171 | Lair:5   | Reached ****** piety under Trog
 19473 | Lair:5   | Reached skill level 1 in Polearms
 19540 | Lair:5   | Noticed Nessos
 19555 | Lair:5   | Killed Nessos
 19903 | Lair:5   | Found a viscous altar of Jiyva.
 19904 | Lair:5   | Found a staircase to the Slime Pits.
 20020 | Lair:5   | Reached XP level 15. HP: 142/143 MP: 14/14
 20127 | Lair:5   | Found a large runed translucent door.
 20153 | Lair:5   | Found a large runed translucent door.
 20854 | D:12     | Reached skill level 5 in Polearms
 20879 | D:12     | Noticed Azrael
 20888 | D:12     | Noticed Kirke
 20893 | D:12     | Killed Azrael
 20905 | D:12     | Killed Kirke
 21058 | D:12     | HP: 7/145 [mirror damage (10)]
 21059 | D:12     | Received a gift from Trog
 21226 | D:12     | Noticed a sphinx
 21229 | D:12     | Killed a sphinx
 21357 | Abyss:3  | Cast into level 3 of the Abyss (a wizard)
 21359 | Abyss:3  | Found a corrupted altar of Lugonu.
 21363 | D:12     | Escaped the Abyss
 21499 | D:12     | Identified the +3 leather armour of Neah Esto {rPois Dex+4
                  | Stlth+}
 21931 | Orc:1    | Entered Level 1 of the Orcish Mines
 21963 | Orc:1    | Found a runed translucent gate.
 21964 | Orc:1    | Found a runed translucent gate.
 21964 | Orc:1    | Found a runed translucent gate.
 21964 | Orc:1    | Noticed Voleoc's ghost (journeyman GrFi)
 22039 | Orc:1    | Killed Voleoc's ghost
 22144 | Orc:1    | Found Hatit's Magic Scroll Shop.
 22744 | Lair:1   | Killed Mysteryquy's ghost
 22817 | Lair:1   | Identified the +2 hat "Celeuriq" {rPois}
 22992 | Orc:2    | Entered Level 2 of the Orcish Mines
 23343 | Orc:2    | Received a gift from Trog
 23650 | Orc:2    | Found Igrirphe's Distillery.
 23650 | Orc:2    | Found Pisidi's Armour Emporium.
 23651 | Orc:2    | Found Xatret's General Store.
 23651 | Orc:2    | Found Suazxieb's Book Shoppe.
 23668 | Orc:2    | Bought a manual of Fighting for 1200 gold pieces
 23669 | Orc:2    | Bought the +3 Mad Mage's Maulers {Infuse+∞ VampMP -Cast}
                  | for 600 gold pieces
 23669 | Orc:2    | Found the +3 Mad Mage's Maulers {Infuse+∞ VampMP -Cast}
 24114 | D:11     | Bought an amulet of the acrobat for 450 gold pieces
 24186 | D:11     | Bought a scroll of enchant weapon for 157 gold pieces
 24859 | D:13     | Found Ylelidow's Book Emporium.
 25139 | D:13     | Reached XP level 16. HP: 77/157 MP: 3/15
 25334 | D:13     | Found a gate to the Vaults.
 25567 | D:14     | Noticed Lodul
 25571 | D:14     | Killed Lodul
 25577 | D:14     | Reached skill level 22 in Axes
 25688 | D:14     | Found a burning altar of Makhleb.
 25769 | D:14     | Found a runed translucent gate.
 25769 | D:14     | Found a runed translucent gate.
 25771 | D:14     | Found a runed translucent gate.
 25774 | D:14     | Noticed kuniqs's ghost (journeyman MiBe)
 25934 | D:14     | Found a gate leading to a gauntlet.
 25946 | Gauntlet | Entered a Gauntlet
 25946 | Gauntlet | Found a transporter.
 25946 | Gauntlet | Found a transporter.
 25946 | Gauntlet | Found a transporter.
 26029 | Gauntlet | Found a transporter.
 26035 | Gauntlet | Found a transporter.
 26047 | Gauntlet | Found a transporter.
 26049 | Gauntlet | Found a large runed translucent door.
 26050 | Gauntlet | Found a large runed translucent door.
 26051 | Gauntlet | Found a large runed translucent door.
 26051 | Gauntlet | Found a large runed translucent door.
 26051 | Gauntlet | Found a large runed translucent door.
 26052 | Gauntlet | Found a runed translucent door.
 26053 | Gauntlet | Found a transporter.
 26054 | Gauntlet | Found a runed translucent door.
 26055 | Gauntlet | Found a large runed translucent door.
 26055 | Gauntlet | Found a large runed translucent door.
 26055 | Gauntlet | Found a large runed translucent door.
 26056 | Gauntlet | Found a large runed translucent door.
 26057 | Gauntlet | Found a large runed translucent door.
 26057 | Gauntlet | Found a transporter.
 26058 | Gauntlet | Found a large runed translucent door.
 26058 | Gauntlet | Found a transporter.
 26058 | Gauntlet | Found a large runed translucent door.
 26059 | Gauntlet | Found a large runed translucent door.
 26059 | Gauntlet | Found a large runed translucent door.
 26060 | Gauntlet | Found a runed translucent gate.
 26060 | Gauntlet | Found a runed translucent gate.
 26060 | Gauntlet | Found a runed translucent gate.
 26076 | Gauntlet | Found a transporter.
 26080 | Gauntlet | Found a transporter.
 26173 | Gauntlet | Found a large runed translucent door.
 26173 | Gauntlet | Found a large runed translucent door.
 26176 | Gauntlet | Found a transporter.
 26478 | Gauntlet | Identified the ring of Terra Nullius {+Blink MP+9 Int+3}
 26997 | Gauntlet | Identified the +0 robe of Youthful Indiscretion {rF++ rC+
                  | Str-4 Int+3}
 27084 | D:14     | Found Hotokeg's Vocational Training.
 27467 | D:14     | Bought a manual of Evocations for 960 gold pieces
 28414 | D:15     | Entered Level 15 of the Dungeon
 28422 | D:15     | Reached skill level 1 in Evocations
 29483 | D:15     | Found a staircase to the Depths.
 30816 | Swamp:1  | Entered Level 1 of the Swamp
 31243 | Swamp:1  | Noticed a thorn hunter
 31255 | Swamp:1  | Killed a thorn hunter
 32603 | Swamp:2  | Reached skill level 23 in Axes
 33384 | Swamp:2  | Noticed Mlioglotl
 33395 | Swamp:2  | Killed Mlioglotl
 33401 | Swamp:2  | Reached XP level 17. HP: 78/169 MP: 3/16
 33912 | Swamp:2  | Reached skill level 5 in Dodging
 35235 | Swamp:3  | Found a shimmering altar of Xom.
 36170 | Swamp:4  | Entered Level 4 of the Swamp
 36170 | Swamp:4  | Noticed Mara
 36783 | Swamp:3  | Reached skill level 5 in Evocations
 36985 | Swamp:4  | Noticed Nikola
 37084 | Swamp:3  | Killed Nikola
 38050 | Swamp:4  | Noticed the 27-headed Lernaean hydra
 38336 | Swamp:3  | Killed the 27-headed Lernaean hydra
 39413 | Swamp:4  | Noticed RogiNicba's illusion
 39591 | Swamp:4  | Noticed RogiNicba's illusion
 39693 | Swamp:4  | Noticed RogiNicba's illusion
 39694 | Swamp:4  | Killed Mara
 40260 | Swamp:4  | Found a runed translucent gate.
 40261 | Swamp:4  | Found a runed translucent gate.
 40261 | Swamp:4  | Noticed mursu's ghost (adept MfBr)
 40262 | Swamp:4  | Found a runed translucent gate.
 40262 | Swamp:4  | Noticed tykejmi's ghost (adept MiBe)
 40263 | Swamp:4  | Noticed Zlot's ghost (adept DsBr)
 40646 | Swamp:4  | Got a decaying rune of Zot
 41135 | Snake:1  | Entered Level 1 of the Snake Pit
 43863 | Snake:2  | You fall into a shaft and drop 1 floor!
 43880 | Snake:3  | Reached XP level 18. HP: 176/184 MP: 2/17
 44239 | Snake:3  | Found a frozen archway.
 44271 | IceCv    | Entered an ice cave
 45895 | IceCv    | Noticed an Ice Fiend
 45895 | IceCv    | Noticed an Ice Fiend
 45905 | IceCv    | Killed an Ice Fiend
 45911 | IceCv    | Killed an Ice Fiend
 47932 | Snake:2  | Identified the +9 spear "Nameuwkyu" {venom, rF+ rC- Int+4
                  | Dex+5}
 48227 | Snake:2  | Found Vaemuk's Armour Shoppe.
 49188 | Snake:3  | Reached skill level 10 in Evocations
 50214 | Snake:4  | Entered Level 4 of the Snake Pit
 50555 | Snake:4  | HP: 5/187 [naga warrior/+1 heavy scimitar (54)]
 50556 | Snake:4  | HP: 2/187 [guardian serpent (4)]
 50557 | Snake:4  | Killed from afar by a naga warrior

Illustrated notes

Levels and vault maps discovered:
D:1:      kilobyte_arrival_exit_the_forest, layout_basic,
          ebering_ecumenical_altar_petrified, minmay_pentomino_o4
D:2:      layout_loops_ring, basic_altar, uniq_sigmund
D:3:      layout_rooms, mainiacjoe_overflow_small_starburst, serial_shops,
          nicolae_shop_pleasant_corner_grove, hangedman_decor_clover_reticule,
          minivault_14, corexii_leaking_fountain
D:4:      layout_loops_corners, serial_shops, kennysheep_mini,
          kennysheep_minor_cross, uniq_robin, uniq_grinder, uniq_duvessa,
          uniq_natasha
D:5:      layout_loops_corners, fiery_altar_vehumet, overflow_temple_1_default,
          mainiacjoe_overflow_boulevard, minmay_temple_entry_crystal_x,
          uniq_blork_the_orc, uniq_crazy_yiuf_cottage
D:6:      layout_basic, minmay_misc_feat_hallway,
          hangedman_abyss_or_decor_passed
D:7:      layout_basic, enter_bailey_1
D:8:      layout_basic, erik_lair_orcish_takeover, grunt_tough_drop, uniq_psyche
D:9:      cheibrodos_frozen_isle, layout_basic,
          worldfamousw_hep_ancestral_shrine
D:10:     minmay_four_partial_circles, layout_irregular_city,
          mainiacjoe_overflow_paths, okawaru_gym_becter, uniq_amaemon
D:11:     minmay_the_grid_triangle_9x9_rhombus_full
          [minmay_the_grid_triangle_9x9_cache,
          minmay_the_grid_triangle_9x9_pentomino_pain,
          minmay_the_grid_triangle_9x9_shrine,
          minmay_the_grid_triangle_9x9_sparse_checkered,
          minmay_the_grid_triangle_9x9_from_above,
          minmay_the_grid_triangle_9x9_stretched_checkered,
          minmay_the_grid_triangle_9x9_sprig,
          minmay_the_grid_triangle_9x9_prize_special], layout_basic,
          david_orc_5, enter_trove_2, serial_shops, shop,
          nicolae_shop_advertising_works [nicolae_subvault_shop_adworks], shop,
          shop, nicolae_shop_gaudy_bauble, kennysheep_generic_room_5
D:12:     minmay_octo_star, layout_long_grid, uniq_azrael, uniq_kirke
D:13:     layout_irregular_city, david_vaults_5, serial_shops, shop
D:14:     layout_basic, gauntlet_entry_generic, maelrawn_ghost_gauntlet_escape,
          bloody_makhleb, nicolae_shop_vocational, uniq_lodul
D:15:     gammafunk_enter_depths_forms, layout_loops_ring,
          nicolae_figureground_sparkle
Lair:1:   layout_layer_cave, gammafunk_ghost_arena, serial_bayou_shore_b
Lair:2:   layout_loops_ring, guppyfry_snake_entry_garden, evilmike_ambush
          [evilmike_ambush_outer_corners, evilmike_ambush_inner_basic],
          infiniplex_staircase_pool, uniq_nergalle
Lair:3:   layout_regular_city, skrybe_swamp_entry_bodies,
          gammafunk_lair_bear_cave, grunt_megastairs_5
Lair:4:   layout_regular_city, st_stairs_9, infiniplex_staircase_pool_2,
          grunt_megastairs_4
Lair:5:   cheibrodos_lair_end_hotspot, layout_regular_city, slime_entry_1,
          st_stairs_8, uniq_nessos
Swamp:1:  layout_basic_swamp, serial_swamp_ruin, evilmike_swamp_ruin_rubble_2,
          evilmike_swamp_ruin_house_6
Swamp:2:  nzn_winding_woodlands_medium [nzn_winding_woodlands_5x5_default,
          nzn_winding_woodlands_5x15_crooked,
          nzn_winding_woodlands_5x5_perimeter,
          nzn_winding_woodlands_5x5_checkerboard,
          nzn_winding_woodlands_center_diamonds,
          nzn_winding_woodlands_hourglass, nzn_winding_woodlands_5x5_open_star,
          nzn_winding_woodlands_5x15_sawtooth,
          nzn_winding_woodlands_5x5_closed_star], layout_basic_swamp,
          evilmike_swamp_ruin_house_4, swamp_pool1,
          nicolae_swamp_soggy_hallways, uniq_mlioglotl
Swamp:3:  layout_basic_swamp, lemuel_altar_in_water, swamp_pool4,
          statue_in_the_mist_lemuel
Swamp:4:  swamp_alternative, layout_basic_swamp, gammafunk_ghost_cemetery,
          uniq_mara, uniq_nikola
Snake:1:  layout_chambers
Snake:2:  layout_layer_cave, serial_shops, shop_statue, serial_bayou_shore_b,
          nicolae_integral_box
Snake:3:  layout_cave_shapes, portal_ice_cave_entry_ice_statue_one,
          nicolae_triple_integral
Snake:4:  snake_pit, layout_cave_shapes
Orc:1:    layout_diamond_mine, ebering_ghost_rock_garden, serial_shops, shop
Orc:2:    st_orc_pillars, layout_caves

Skill      XL: |  1  2  3  4  5  6  7  8  9 10 11 12 13 14 15 16 17 18 |
---------------+-------------------------------------------------------+-----
Fighting       | 4 5 6 8 9 10 12 14 15 17 19 21 22 | 22.6
Armour         | 3 4 5 6 7 9 10 12 14 15 17 18 19 20 | 20.2
Axes           | 4 5 6 8 10 12 14 16 19 21 23 | 23.5
Polearms       | 2 8 |  8.7
Evocations     | 3 8 10 | 10.3
Dodging        | 4 8 9 |  9.9

Action                     |  1- 3 |  4- 6 |  7- 9 | 10-12 | 13-15 | 16-18 || total
---------------------------+-------+-------+-------+-------+-------+-------++-------
  Melee: Hand axe          |    68 |    89 |   134 |       |       |       ||   291
         Headbutt          |    13 |    12 |    50 |   101 |   184 |   140 ||   500
         War axe           |       |       |   151 |       |       |       ||   151
         Punch             |       |       |     1 |       |     1 |       ||     2
         Battleaxe         |       |       |    23 |   479 |   523 |       ||  1025
         Morningstar       |       |       |       |       |     8 |    46 ||    54
         Executioner's axe |       |       |       |       |   113 |   470 ||   583
         Bardiche          |       |       |       |       |   104 |   111 ||   215
  Throw: Boomerang         |       |       |       |   118 |       |     3 ||   121
         Javelin           |       |       |       |       |       |     3 ||     3
 Invoke: Berserk           |     1 |       |     2 |     2 |     1 |     3 ||     9
         Brothers in Arms  |       |       |     1 |     3 |     9 |     9 ||    22
         Trog's Hand       |       |       |       |     2 |    10 |     6 ||    18
Ability: Evoke Blink       |       |       |       |       |       |     2 ||     2
  Evoke: Box of beasts     |       |       |       |       |       |     1 ||     1
    Use: Scroll            |       |       |       |    14 |     9 |    24 ||    47
         Potion            |       |       |       |     1 |     3 |     6 ||    10
   Stab: Sleeping          |     1 |       |       |       |       |       ||     1
         Distracted        |       |       |       |       |       |     5 ||     5
 Armour: Animal skin       |     9 |     8 |       |       |       |       ||    17
         Scale mail        |       |    16 |   107 |       |       |       ||   123
         Plate armour      |       |       |    12 |   283 |   346 |   600 ||  1241
         Chain mail        |       |       |     5 |       |       |       ||     5
         Robe              |       |       |       |    18 |       |       ||    18
  Dodge: Dodged            |    56 |    34 |   109 |   206 |   276 |   482 ||  1163
